 Dungeon Crawl Stone Soup version 0.29-a0-982-gaed3a0c8d8 (webtiles) character file.

Game seed: 8048292295075689690

85 inmateoo the Trooper (level 4, -1/52 HPs)
             Began as a Demonspawn Fighter on Aug 1, 2022.
             Succumbed to a goblin's poison
             ... on level 3 of the Dungeon.
             The game lasted 00:01:34 (1867 turns).

inmateoo the Trooper (Demonspawn Fighter)           Turns: 1867, Time: 00:01:35

Health: -1/52      AC: 22    Str: 19    XL:     4   Next: 25%
Magic:  4/4        EV:  2    Int:  9    God:
Gold:   129        SH:  4    Dex: 10    Spells: 3/3 levels left

rFire   . . .      SeeInvis .   a - +0 war axe (flame)
rCold   . . .      Faith    .   c - +0 buckler
rNeg    . . .      Spirit   .   (body armour currently unavailable)
rPois   +          Reflect  .   (helmet currently unavailable)
rElec   .          Harm     .   (cloak currently unavailable)
rCorr   .          Rampage  .   (gloves currently unavailable)
Will    .....      NoTele   +   (boots currently unavailable)
Stlth   +.........              (no amulet)
HPRegen 0.17/turn               (no ring)
MPRegen 0.09/turn               (no ring)

@: lethally poisoned (-1 -> -7), tree-form, attractive
A: stationary, stasis, torment immunity, boosted hp, (sanguine armour 1),
(weakness stinger 2), clumsy 1, sense surroundings 1, (poison resistance)
a: no special abilities


You were on level 3 of the Dungeon.
You were a tree.
You visited 1 branch of the dungeon, and saw 3 of its levels.

You collected 129 gold pieces.

Inventory:

Hand Weapons
 a - a +0 war axe of flaming (weapon)
Armour
 c - a +0 buckler (worn)
 h - a +0 plate armour (melded)
 n - a +0 cloak (melded)
Jewellery
 k - a ring of magical power
Wands
 s - a wand of light (4)
Scrolls
 f - a scroll of torment {unknown}
 g - a scroll of magic mapping {unknown}
 l - a scroll of blinking {unknown}
 o - a scroll of butterflies {unknown}
 q - a scroll of summoning {unknown}
 r - a scroll of identify {unknown}
Potions
 b - a potion of mutation
 d - a potion of might
 i - 2 potions of lignification
 j - a potion of curing {unknown}
 m - a potion of flight {unknown}
 p - a potion of brilliance {unknown}
 t - a potion of magic {unknown}


   Skills:
 + Level 3.4 Fighting
 * Level 2.7 Axes
 + Level 3.1 Armour
 + Level 1.1 Dodging
 + Level 3.1 Shields


You had 3 spell levels left.
You didn't know any spells.
Your spell library was empty.

Dungeon Overview and Level Annotations

Branches:
Dungeon (3/15)

Altars:

Annotations:
D:3 Robin


Innate Abilities, Weirdness & Mutations

You are a tree.
Your roots penetrate the ground, keeping you stationary.
You cannot be teleported.
You are immune to unholy pain and torment.
Your maximum health is greatly increased.
Your equipment is partially melded.
((When seriously injured, your blood forms armour. (AC +0)))
((You have a tail ending in a sharp stinger.))
You are clumsy. (Dex -2)
You passively map a small area around you.
((Your system is resistant to poisons. (rPois)))


Message History

You feel sick. The goblin hits you but does no damage.
The goblin attacks as you move away! The goblin barely misses you.
You feel sick. Robin throws the goblin at you!
The goblin hits you but does no damage.
You feel sick.
The goblin unwields a +0 club.
The goblin wields a +0 sling.
The goblin shoots a sling bullet.
You block the sling bullet. The goblin hits you but does no damage.
You are more poisoned.
The goblin attacks as you move away! The goblin completely misses you.
You feel very sick.
Robin's bangles clink loudly.
You feel sick. The goblin hits you but does no damage.
The goblin attacks as you move away! The goblin hits you but does no damage.
You are lethally poisoned!
* * * LOW HITPOINT WARNING * * *
You feel very sick.
Robin roars a battlecry!
The goblin attacks as you move away! The goblin hits you but does no damage.
* * * LOW HITPOINT WARNING * * *
You feel very sick. Robin throws the goblin at you!
The goblin barely misses you.
It was a potion of mutation.
You feel extremely strange.
You feel resistant to poisons.
You feel a strange attunement to the structure of the dungeons.
You feel clumsy.
* * * LOW HITPOINT WARNING * * *
You feel sick. The goblin hits you but does no damage.
The goblin hits you with a +0 dagger.
* * * LOW HITPOINT WARNING * * *
It was a potion of lignification.
You turn into a tree.
Your +0 cloak melds into your body.
Your +0 plate armour melds into your body.
Your roots penetrate the ground.
Your blood armour dries and flakes away.
* * * LOW HITPOINT WARNING * * *
You feel sick.
The goblin hits you but does no damage. x2
Unknown command.
It was a potion of attraction.
You feel attractive to monsters.
You die...

.# ##.).## .## #8.).8#* ..##
** ,##...## , #..# #...# ,
##.# * , ,##g..## , , #.#
#8g..8# , * #.#
#####*####...#### #
##.#####.#8###8##gg.##8###8#
*
..........).....♣g..........
.....###.†......g...........
* ....##
#............†....... ....#
#.#8###8##...##8###8# ....#
#.########...#### * #####
#...†...#8...8#
#######.##...## #.##...#
#.##...##


You could see Robin, a hobgoblin (strong) and 4 goblins.

Vanquished Creatures
  3 adders (D:2)
  2 worms (D:2)
  A dart slug (D:2)
  3 endoplasms
  4 giant cockroaches
  7 goblins
  4 hobgoblins
  6 jackals
  A kobold (D:3)
  2 quokkas (D:1)
  4 ball pythons
  A bat (D:3)
  A frilled lizard (D:1)
  7 rats
46 creatures vanquished.

Notes
Turn   | Place    | Note
-------+----------+-------------------------------------------
     0 | D:1      | inmateoo the Demonspawn Fighter began the quest for the
                  | Orb.
     0 | D:1      | Reached XP level 1. HP: 18/18 MP: 1/1
   205 | D:1      | Found a faded altar of an unknown god.
   205 | D:1      | Noticed a Brimstone Fiend
   256 | D:1      | Gained mutation: You have a small tail. [demonic ancestry]
   256 | D:1      | Reached XP level 2. HP: 21/24 MP: 2/2
  1130 | D:2      | Gained mutation: When seriously injured, your blood forms
                  | armour. (AC +0) [demonic ancestry]
  1130 | D:2      | Reached XP level 3. HP: 29/29 MP: 3/3
  1340 | D:2      | Reached skill level 1 in Dodging
  1450 | D:2      | Gained mutation: You have a tail ending in a sharp stinger.
                  | [demonic ancestry]
  1450 | D:2      | Reached XP level 4. HP: 35/35 MP: 4/4
  1853 | D:3      | Noticed Robin
  1865 | D:3      | Gained mutation: Your system is resistant to poisons.
                  | (rPois) [potion of mutation]
  1865 | D:3      | Gained mutation: You passively map a small area around you.
                  | [potion of mutation]
  1865 | D:3      | Gained mutation: You are clumsy. (Dex -2) [potion of
                  | mutation]
  1866 | D:3      | HP: 1/52 [poisoned by a goblin]
  1867 | D:3      | Succumbed to a goblin's poison

Illustrated notes

Levels and vault maps discovered:
D:1:      dpeg_arrival_leaves_temple_mockup, layout_basic,
          dreamdust_ecumenical_altar_sealed_demon,
          chequers_serial_rivers_micro_b, reono_crystal_passage,
          minmay_pentomino_q2
D:2:      layout_loops_corners, basic_altar, chequers_mini_garden
D:3:      minmay_diamond_boxcup, layout_rooms, serial_corexii_hall,
          chequers_hall_statues_y, corexii_hall_statues_x,
          minmay_goblin_outpost, uniq_robin

Skill      XL: |  1  2  3 |
---------------+----------+-----
Axes           | 2 |  2.7
Shields        | 3 |  3.1
Armour         | 3 |  3.1
Dodging        | 1 |  1.1
Fighting       | |  3.4

Action                   |  1- 3 |  4- 6 || total
-------------------------+-------+-------++-------
Melee: War axe           |    77 |    29 ||   106
       Tailslap          |     8 |     1 ||     9
  Use: Scroll            |     3 |       ||     3
       Potion            |       |     3 ||     3
Armor: Scale mail        |    13 |       ||    13
       Plate armour      |    34 |    37 ||    71
       Skin              |       |     2 ||     2
Dodge: Dodged            |    25 |    17 ||    42
Block: Buckler           |    20 |    10 ||    30

Table legend: (Time is in decaauts)
 A = Elapsed time spent in this place.
 B = Non-inter-level travel time spent in this place.
 C = Inter-level travel time spent in this place.
 D = Time resting spent in this place.
 E = Time spent auto-exploring this place.
 F = Levels seen in this place.
 G = Mean time per level.
                   A        B        C        D        E       F      G
               +--------+--------+--------+--------+--------+-----+--------+
         Total |   1911 |   1780 |    131 |      0 |   1450 |   3 |  637.0 |
       Dungeon |   1911 |   1780 |    131 |      0 |   1450 |   3 |  637.0 |
               +--------+--------+--------+--------+--------+-----+--------+

Top non-repeatable levels by time:
     D:2: 963 daAuts
     D:1: 845 daAuts
     D:3: 102 daAuts
